Map: Pillars of Gold LE

Players

DisK

  • Race: Protoss Protoss
  • League: Grandmaster
  • Spawn Location: 1:00

Nina - Winner!

  • Race: Protoss Protoss
  • League: Grandmaster
  • Spawn Location: 7:00

Event: The Miserable Cup

VOD

Have the link to the VOD?

Description

Time

  • Played on: June 21, 2020, 1:22 p.m.
  • Length: 15:03

All games in this series

Show
View Real Time Build Order
Export as new Build Order

DisK Protoss 

Build Orders: Blink Stalkers 

Get SALT Encoding   

  12  0:00  Probe  
  13  0:12  Probe  
  14  0:17  Pylon  
  14  0:24  Probe  
  15  0:34  Probe  
  15  0:36  Gateway  
  15  0:42  Probe  
  16  0:49  Assimilator  
  17  0:52  Probe  
  17  0:56  Assimilator  
  18  1:00  Probe  
  18  1:09  Probe  
  19  1:12  Gateway  
  20  1:20  Probe  
  21  1:26  Cybernetics Core  
  21  1:32  Probe  
  22  1:41  Pylon  
  22  1:44  Probe  
  23  1:59  Probe  
  24  2:03  Warp Gate, Adept x2  
  28  2:16  Pylon  
  28  2:21  Probe  
  29  2:30  Pylon  
  29  2:35  Stalker  
  33  2:49  Shield Battery  
  33  2:59  Pylon  
  30  3:08  Nexus  
  30  3:15  Probe, Shield Battery  
  30  3:18  Sentry x2  
  35  3:24  Probe, Twilight Council  
  35  3:33  Pylon  
  36  3:38  Probe  
  35  3:50  Probe  
  35  3:52  Forge  
  36  3:56  Blink  
  36  3:57  Stalker  
  36  4:02  Probe  
  39  4:13  Probe  
  39  4:17  Probe  
  40  4:18  Protoss Ground Weapons Level 1  
  40  4:21  Probe  
  41  4:25  Probe  
  41  4:29  Probe  
  43  4:35  Probe  
  43  4:36  Shield Battery  
  43  4:38  Stalker  
  47  4:43  Probe  
  46  4:46  Stalker  
  46  4:49  Probe  
  49  4:53  Shield Battery  
  49  4:56  Probe  
  50  5:05  Shield Battery  
  50  5:09  Probe x2  
  50  5:11  Robotics Facility  
  51  5:17  Probe  
  52  5:21  Probe  
  52  5:25  Probe  
  52  5:26  Assimilator  
  53  5:28  Assimilator  
  53  5:31  Gateway x2  
  53  5:33  Probe  
  53  5:35  Pylon  
  55  5:36  Probe  
  55  5:42  Stalker  
  58  5:44  Stalker  
  58  5:46  Probe  
  61  5:54  Probe  
  62  5:58  Probe  
  63  6:06  Pylon  
  63  6:07  Pylon  
  63  6:08  Stalker x2  
  67  6:12  Observer  
  67  6:16  Probe  
  69  6:24  Charge  
  69  6:25  Nexus  
  69  6:34  Gateway  
  69  6:39  Protoss Ground Weapons Level 2  
  69  6:43  Gateway  
  69  6:44  Gateway  
  69  6:45  Pylon  
  69  6:48  Phoenix  
  69  6:50  Stalker x2  
  73  6:56  Zealot  
  73  6:57  Zealot  
  76  7:11  Gateway  
  76  7:13  Templar Archives  
  76  7:15  Probe  
  76  7:18  Pylon  
  77  7:31  Nexus  
  77  7:34  Pylon  
  77  7:51  High Templar  
  77  7:52  High Templar x5  
  77  7:54  Zealot  
  91  7:59  Gateway  
  91  8:00  Gateway  
  91  8:02  Pylon  
  91  8:03  Pylon  
  91  8:04  Archon  
  91  8:05  Archon x2  
  91  8:10  Zealot  
  91  8:12  Warp Prism  
  93  8:16  Zealot  
  97  8:24  Probe x2  
  99  8:28  Pylon  
  99  8:36  Probe x2  
  100  8:44  Observer  
  100  8:46  Zealot x3  
  106  8:50  High Templar x4  
  115  8:57  Shield Battery, Archon x2  
  115  9:03  Pylon  
  115  9:06  Zealot x3  
  117  9:24  Zealot x6  
  119  9:29  Pylon  
  119  9:30  Zealot  
  131  9:33  High Templar x2  
  131  9:35  Zealot  
  137  9:38  Archon  
  137  9:50  Templar Archives  
  135  10:05  Zealot x8  
  149  10:10  Pylon  
  149  10:13  Pylon x2  
  107  10:44  Zealot x5  
  107  10:45  Zealot x3  
  103  10:56  Pylon  
  71  11:12  Probe x2  
  71  11:13  Probe  
  71  11:14  Immortal  
  71  11:16  High Templar x4  
  83  11:18  High Templar  
  83  11:19  High Templar, Zealot x4  
  83  11:22  Assimilator  
  83  11:23  Assimilator  
  95  11:25  Archon x3  
  93  11:44  Zealot x4  
  93  11:46  Zealot x4  
  109  11:58  Immortal  
  109  11:59  Zealot x4  
  121  12:03  Zealot x3  
  121  12:05  Zealot  
  129  12:13  Pylon  
  129  12:19  Zealot x3  
  129  12:20  Zealot  
  133  12:33  Zealot x3  
  133  12:34  Zealot  
  135  12:39  Stalker x2  
  137  12:45  High Templar x4  
  137  12:49  Archon x2  
  137  12:50  Observer  
  114  13:01  Zealot x4  
  114  13:04  Zealot x2  
  106  13:13  Zealot  
  106  13:19  High Templar x4  
  114  13:20  Zealot x2  
  114  13:23  Archon  
  114  13:24  Archon  
  114  13:25  Zealot x2  
  122  13:41  Pylon  
  122  13:47  Zealot x4  
  128  13:48  Warp Prism  
  116  13:59  Zealot  
  118  14:06  Zealot  
  118  14:08  Zealot x4  
  122  14:25  High Templar x2  
  122  14:28  Pylon  
  122  14:29  Archon  
  126  14:33  High Templar x3  
  126  14:34  High Templar  
  126  14:35  Zealot  
  135  14:39  Archon  
  135  14:41  Archon  
Show
View Real Time Build Order
Export as new Build Order

Nina Protoss - Winner!

Build Orders:  

Get SALT Encoding   

  12  0:01  Probe  
  13  0:13  Probe  
  14  0:18  Pylon  
  14  0:25  Probe  
  15  0:33  Probe  
  15  0:40  Gateway  
  15  0:42  Probe  
  17  0:51  Assimilator, Probe  
  17  0:56  Assimilator  
  18  1:00  Probe  
  19  1:08  Probe  
  19  1:13  Gateway  
  19  1:18  Probe  
  21  1:28  Cybernetics Core  
  21  1:30  Probe  
  22  1:41  Pylon  
  22  1:42  Probe  
  23  1:59  Probe  
  24  2:04  Stalker x2  
  28  2:11  Probe  
  28  2:13  Warp Gate  
  29  2:17  Pylon  
  29  2:24  Probe  
  29  2:27  Pylon  
  30  2:35  Stalker  
  32  2:40  Stalker  
  34  2:51  Probe  
  35  3:12  Pylon  
  35  3:17  Nexus  
  35  3:18  Probe  
  36  3:24  Robotics Facility  
  36  3:27  Sentry  
  38  3:31  Sentry  
  39  3:47  Probe  
  40  3:59  Probe  
  41  4:02  Adept  
  41  4:05  Observer, Adept  
  41  4:09  Pylon  
  45  4:11  Probe  
  45  4:15  Forge  
  47  4:26  Shield Battery  
  47  4:27  Probe  
  48  4:31  Probe  
  48  4:32  Immortal  
  48  4:37  Probe  
  49  4:40  Probe  
  49  4:45  Probe  
  55  4:48  Probe  
  55  4:51  Protoss Ground Weapons Level 1  
  57  4:53  Probe  
  57  4:57  Sentry  
  60  5:01  Probe  
  60  5:05  Probe  
  62  5:08  Immortal  
  62  5:13  Probe  
  61  5:17  Probe  
  64  5:24  Adept  
  64  5:25  Probe, Adept  
  69  5:30  Probe  
  69  5:33  Twilight Council  
  70  5:36  Assimilator  
  70  5:37  Pylon  
  70  5:45  Pylon  
  70  5:48  Assimilator  
  70  5:49  Observer  
  70  5:52  Pylon  
  70  5:55  Probe x2  
  73  6:03  Pylon  
  73  6:07  Probe  
  73  6:08  Probe, Blink  
  75  6:11  Stalker x2  
  75  6:12  Warp Prism  
  81  6:20  Probe  
  82  6:32  Nexus  
  82  6:36  Probe x2  
  84  6:43  Gateway  
  84  6:46  Gateway  
  84  7:07  Stalker x2  
  84  7:08  Probe  
  85  7:09  Robotics Bay, Gateway  
  85  7:10  Gateway  
  85  7:17  Probe  
  85  7:20  Probe  
  87  7:23  Nexus  
  87  7:27  Pylon  
  87  7:30  Robotics Facility  
  87  7:31  Protoss Ground Weapons Level 2  
  87  7:33  Stalker  
  90  7:39  Stalker  
  91  7:45  Stalker  
  91  7:49  Observer  
  91  7:51  Gateway  
  91  7:52  Gateway  
  91  7:53  Stalker  
  91  7:55  Pylon  
  91  7:57  Disruptor  
  93  8:00  Stalker  
  97  8:12  Observer  
  97  8:16  Nexus  
  97  8:22  Stalker x2  
  97  8:26  Pylon  
  101  8:28  Disruptor  
  101  8:32  Photon Cannon  
  104  8:44  Stalker x3  
  104  8:46  Disruptor  
  110  8:50  Pylon  
  110  8:55  Stalker  
  112  8:57  Phoenix, Disruptor  
  118  9:18  Stalker x2  
  118  9:21  Disruptor  
  118  9:23  Pylon  
  124  9:55  Stalker x5  
  124  9:56  Stalker x2, Probe  
  124  9:58  Disruptor  
  135  10:05  Photon Cannon  
  135  10:09  Photon Cannon  
  138  10:20  Disruptor  
  126  10:33  Disruptor  
  126  10:34  Zealot x3  
  112  10:46  Zealot x3  
  108  10:51  Stalker x2  
  108  10:54  Shield Battery  
  108  10:55  Disruptor  
  99  11:04  Stalker x2  
  100  11:13  Stalker x2  
  100  11:15  Probe x2  
  106  11:25  Disruptor, Assimilator  
  106  11:27  Probe x2  
  106  11:30  Assimilator  
  106  11:31  Photon Cannon  
  111  11:38  Photon Cannon  
  111  11:39  Probe  
  112  11:40  Disruptor  
  113  11:57  Probe x2  
  113  12:01  Disruptor  
  115  12:07  Stalker x2  
  122  12:14  Charge  
  122  12:15  Nexus  
  122  12:18  Zealot x2  
  126  12:30  Disruptor  
  127  12:38  Stalker x5  
  137  12:48  Photon Cannon  
  137  12:57  Stalker x3  
  143  13:01  Pylon  
  143  13:03  Pylon  
  143  13:10  Disruptor  
  143  13:19  Stalker  
  145  13:20  Stalker x3  
  145  13:25  Photon Cannon  
  151  13:44  Probe  
  151  13:45  Probe  
  151  13:46  Photon Cannon, Shield Battery  
  153  13:51  Disruptor  
  156  13:59  Disruptor  
  159  14:27  Disruptor  
  162  14:37  Stalker x8  
Tags
 
Add a new tag
Caveats
  • Supply blocks, unpowered buildings, or Contaminate may cause inaccurate times.
  • Supply counts are checked every 10 seconds.